 Seeded DCSS version 0.30-a0-122-g2a1322497e (webtiles) character file.

Game seed: 10213511164608113240 (custom seed)

163 SigmundSlayer the Covered (level 5, -2/60 HPs)
             Began as a Demigod Fighter on Sept 16, 2022.
             Slain by a gnoll
             ... wielding a +0 spear
              (7 damage)
             ... on level 4 of the Dungeon.
             The game lasted 00:01:29 (1185 turns).

SigmundSlayer the Covered (Demigod Fighter)         Turns: 1185, Time: 00:01:30

Health: -2/60      AC: 12    Str: 21    XL:     5   Next: 0%
Magic:  7/7        EV:  3    Int: 10    God:
Gold:   77         SH: 12    Dex: 13    Spells: 4/4 levels left

rFire   . . .      SeeInvis .    a - +1 war axe
rCold   . . .      Faith    .    j - +0 tower shield {AC+3}
rNeg    . . .      Spirit   .    f - +0 chain mail
rPois   .          Reflect  .    (no helmet)
rElec   .          Harm     .    (no cloak)
rCorr   .          Rampage  .    (no gloves)
Will    .....                    (no boots)
Stlth   ..........               (no amulet)
HPRegen 0.20/turn                (no ring)
MPRegen 0.10/turn                (no ring)

@: mighty, berserking, attractive, very quick
A: high MP 1, forlorn, divine attributes, frail 1
a: no special abilities


You were on level 4 of the Dungeon.
You visited 1 branch of the dungeon, and saw 3 of its levels.

You collected 77 gold pieces.

Inventory:

Hand Weapons
 a - a +1 war axe (weapon)
Armour
 f - a +0 chain mail (worn)
 j - a +0 tower shield of protection (worn)
Magical Staves
 p - a staff of fire
Jewellery
 e - a ring of fire
 h - a ring of poison resistance
Scrolls
 l - a scroll of teleportation {unknown}
 m - a scroll of fear {unknown}
 n - a scroll of magic mapping {unknown}
 o - a scroll of fog {unknown}
Potions
 k - 2 potions of curing {unknown}


   Skills:
 + Level 3.5 Fighting
 + Level 2.8 Axes
 + Level 3.5 Armour
 + Level 3.5 Shields


You had 4 spell levels left.
You didn't know any spells.
Your spell library contained the following spells:

 Spells                   Type           Power      Damage    Failure   Level
 Frozen Ramparts          Ice            0%         1d1       100%        3
 Ignite Poison            Fire/Tmut/Pois 0%         N/A       100%        3
 Ice Form                 Ice/Tmut       0%         N/A       100%        4
 Sticky Flame             Conj/Fire      0%         2d3       100%        4
 Summon Ice Beast         Ice/Summ       0%         N/A       100%        4


Dungeon Overview and Level Annotations

Branches:
Dungeon (2/15)


Innate Abilities, Weirdness & Mutations

You have an increased reservoir of magic. (+10% MP)
You shall have no god before yourself.
Your divine heritage dramatically boosts your attributes as you level up.
You are frail. (-10% HP)


Message History

Unknown command.
The scorpion attacks as you move away!
The scorpion stings you but does no damage.
It was a potion of attraction.
You feel attractive to monsters. The gnoll hits you but does no damage.
It was a potion of mutation.
You feel extremely strange.
You feel frail. You block the gnoll's attack.
The gnoll hits you with a +0 flail.
* * * LOW HITPOINT WARNING * * *
It was a potion of berserk rage.
A red film seems to cover your vision as you go berserk!
You feel yourself moving faster!
You feel mighty! The gnoll barely misses you.
The gnoll hits you but does no damage.
You slash the gnoll!
You kill the gnoll!
You block the gnoll's attack. x2
You barely miss the scorpion. You block the scorpion's attack.
The gnoll hits you from afar with a +0 halberd.
* * * LOW HITPOINT WARNING * * *
The gnoll hits you from afar with a +0 spear.
* * * LOW HITPOINT WARNING * * *
You block the scorpion's attack.
You slash the scorpion!
The scorpion is severely wounded.
You block the gnoll's attack. The gnoll hits you but does no damage.
You block the scorpion's attack.
You slash the scorpion!
You kill the scorpion!
You block the gnoll's attack.
The gnoll hits you from afar with a +0 spear.
* * * LOW HITPOINT WARNING * * *
The gnoll is attracted toward you. The goblin is attracted toward you.
You have reached level 5!
You hit the gnoll.
The gnoll is lightly wounded.
The gnoll hits you from afar with a +0 halberd.
* * * LOW HITPOINT WARNING * * *
The gnoll hits you with a +0 spear!
You die...

#.......##....
#.......+....#
#.......##.#.#
#......[##.#.#
######.......#
#.###.### #.# #...
#######.#######
#.§gg@.........
.....'..g###.#######
.....#.#.# #.#
#^$....#.. ..#
#..#####..#### #.
.... # #####


You could see 2 gnolls and a goblin.

Vanquished Creatures
  A scorpion (D:4)
  6 gnolls (D:4)
  6 dart slugs
  5 endoplasms
  A giant cockroach (D:1)
  4 goblins
  2 hobgoblins (D:1)
  A quokka (D:1)
  4 bats
  2 frilled lizards (D:1)
  A kobold (D:1)
33 creatures vanquished.

Notes
Turn   | Place    | Note
-------+----------+-------------------------------------------
     0 | D:1      | SigmundSlayer the Demigod Fighter began the quest for the
                  | Orb.
     0 | D:1      | Reached XP level 1. HP: 18/18 MP: 3/3
   258 | D:1      | Reached XP level 2. HP: 25/25 MP: 4/4
   973 | D:2      | Reached XP level 3. HP: 29/31 MP: 5/5
  1130 | D:2      | You fall into a shaft and drop 2 floors!
  1138 | D:4      | Identified a scroll of acquirement
  1138 | D:4      | Acquired a +0 tower shield of protection
  1169 | D:4      | Noticed a scorpion
  1176 | D:4      | Reached XP level 4. HP: 15/38 MP: 6/6
  1179 | D:4      | Gained mutation: You are frail. (-10% HP) [potion of
                  | mutation]
  1185 | D:4      | Reached XP level 5. HP: 6/40 MP: 7/7
  1185 | D:4      | Slain by a gnoll

Illustrated notes

Levels and vault maps discovered:
D:1:      amcnicky_arrival_blooded_trapdoor, layout_loops_ring,
          shapermc_ecumenical_altar_venn
D:2:      layout_loops_ring
D:4:      layout_basic, uniq_duvessa, uniq_crazy_yiuf_cottage

Skill      XL: |  1  2 |
---------------+-------+-----
Axes           | 2 |  2.8
Armour         | 3 |  3.5
Fighting       | 3 |  3.5
Shields        | 3 |  3.5

Action                   |  1- 3 |  4- 6 || total
-------------------------+-------+-------++-------
Melee: War axe           |    75 |     6 ||    81
  Use: Scroll            |     2 |       ||     2
       Potion            |     1 |     3 ||     4
Armor: Chain mail        |    59 |     6 ||    65
       Scale mail        |     3 |       ||     3
Dodge: Dodged            |    24 |     1 ||    25
Block: Buckler           |     7 |       ||     7
       Tower shield      |    17 |    10 ||    27

Table legend: (Time is in decaauts)
 A = Elapsed time spent in this place.
 B = Non-inter-level travel time spent in this place.
 C = Inter-level travel time spent in this place.
 D = Time resting spent in this place.
 E = Time spent auto-exploring this place.
 F = Levels seen in this place.
 G = Mean time per level.
                   A        B        C        D        E       F      G
               +--------+--------+--------+--------+--------+-----+--------+
         Total |   1220 |   1199 |     21 |      0 |    936 |   3 |  406.7 |
       Dungeon |   1220 |   1199 |     21 |      0 |    936 |   3 |  406.7 |
               +--------+--------+--------+--------+--------+-----+--------+

Top non-repeatable levels by time:
     D:1: 898 daAuts
     D:2: 259 daAuts
     D:4: 62 daAuts
